 Dungeon Crawl Stone Soup version 0.20-a0-449-g96be121 (webtiles) character file.

4835 Da5id the Nimble (level 10, -17/69 HPs)
             Began as a Halfling Hunter on Jan 7, 2017.
             Was a Priest of Okawaru.
             Killed by the air
             ... invoked by Gastronok
              (23 damage)
             ... on level 8 of the Dungeon.
             The game lasted 00:19:55 (12645 turns).

Da5id the Nimble (Halfling Hunter)                 Turns: 12645, Time: 00:19:56

Health: -17/69     AC:  9    Str: 21    XL:     10   Next: 77%
Magic:  21/21      EV: 19    Int:  5    God:    Okawaru [***...]
Gold:   200        SH:  0    Dex: 16    Spells: 9/9 levels left

rFire  + . .     SeeInvis .     a - +1 hunting sling
rCold  . . .     Gourm    +     w - +1 ring mail of Defence {rF+ rCorr Str+5}
rNeg   + + .     Faith    .     (shield restricted)
rPois  +         Spirit   .     u - +0 helmet
rElec  .         Reflect  .     (no cloak)
rCorr  +         Harm     .     (no gloves)
MR     .....                    (no boots)
Stlth  +.........               F - amulet of the Death Scarab {Gourm rPois rN++ Int-4 Slay+2}
                                H - ring of magical power
                                y - ring of flight

@: no status effects
A: mutation resistance 1
a: Heroism, Renounce Religion, Evoke Flight


You were on level 8 of the Dungeon.
You worshipped Okawaru.
Okawaru was most pleased with you.
You were completely stuffed.

You visited 2 branches of the dungeon, and saw 9 of its levels.

You collected 521 gold pieces.
You spent 321 gold pieces at shops.

Inventory:

Hand Weapons
 a - a +1 hunting sling (weapon)
 b - a +0 short sword
Missiles
 d - 93 sling bullets
 j - 88 stones (quivered)
Armour
 c - a +0 leather armour
 u - a +0 helmet (worn)
 w - the +1 ring mail of Defence (worn) {rF+ rCorr Str+5}
   (You bought it in a shop on level 6 of the Dungeon)

   It affects your strength (+5).
   It protects you from fire.
   It protects you from acid and corrosion.
Jewellery
 g - an uncursed amulet of magic regeneration
 y - a ring of flight (left hand)
 F - the amulet of the Death Scarab (around neck) {Gourm rPois rN++ Int-4 Slay+2}
   (You found it on level 8 of the Dungeon)

   [amulet of the gourmand]

   It allows you to eat raw meat even when not hungry.
   It affects your intelligence (-4).
   It affects your accuracy and damage with ranged weapons and melee attacks
   (+2).
   It protects you from poison.
   It greatly protects you from negative energy.
 H - a ring of magical power (right hand)
Wands
 t - a wand of lightning (8/15)
 O - a wand of paralysis (16/24)
Scrolls
 h - 3 scrolls of recharging {unknown}
 i - 3 scrolls of enchant weapon {unknown}
 l - 2 scrolls of magic mapping {unknown}
 m - 3 scrolls of teleportation {unknown}
 n - 8 scrolls of identify {unknown}
 o - a scroll of fear {unknown}
 p - a scroll of fog {unknown}
 q - 5 scrolls of remove curse {unknown}
 r - 3 scrolls of enchant armour {unknown}
 C - a scroll of blinking {unknown}
 I - 3 scrolls of immolation {unknown}
 J - a scroll of holy word {unknown}
 P - a scroll of vulnerability {unknown}
Potions
 e - 2 potions of agility {unknown}
 f - a potion of flight {unknown}
 k - a potion of cancellation {unknown}
 s - 3 potions of haste {unknown}
 x - a potion of curing
 z - a potion of heal wounds
 B - a potion of lignification {unknown}
 D - a potion of mutation {unknown}
Books
 A - a book of Minor Magic

   Spells                             Type                      Level
   a - Magic Dart                     Conjuration                  1
   b - Blink                          Translocation                2
   c - Call Imp                       Summoning                    2
   d - Repel Missiles                 Charms/Air                   2
   e - Slow                           Hexes                        2
   f - Conjure Flame                  Conjuration/Fire             3
   g - Mephitic Cloud                 Conjuration/Poison/Air       3
Comestibles
 v - a royal jelly
 E - 4 meat rations
 G - 6 bread rations
 K - 4 fruits
 L - a chunk of flesh
 M - 2 beef jerkies
 N - 8 slices of pizza


   Skills:
 + Level 6.9 Fighting
 - Level 7.3 Short Blades
 - Level 8.2 Slings
 + Level 8.0 Armour
 + Level 8.5 Dodging
 - Level 1.1 Stealth
 - Level 2.9 Invocations


You had 9 spell levels left.
You didn't know any spells.

Dungeon Overview and Level Annotations

Branches:
Dungeon (8/15)             Temple (1/1) D:4
   Lair: D:8-11

Altars:
Dithmenos
Elyvilon
Fedhas
Gozag
Hepliaklqana
Kikubaaqudgha
Makhleb
Nemelex Xobeh
Okawaru
Qazlal
Ru
Trog
Uskayaw
Vehumet
Xom
Yredelemnul
Zin
The Shining One

Shops:
D:5 !}   D:6 [

Annotations:
D:8 Gastronok


Innate Abilities, Weirdness & Mutations

You are small and have problems with some larger weapons.
You are somewhat resistant to further mutation.


Message History

Firing (i - inventory. (,) - cycle):
j - 91 stones (quivered)
Press: ? - help, Shift-Dir - straight line, f/p - Gastronok
Aim: Gastronok, wearing an embroidered hat (severely wounded, covering ground quickly)
You shoot a stone. The stone hits Gastronok.
Gastronok is almost dead.
Gastronok casts a spell.
Firing (i - inventory. (,) - cycle):
j - 90 stones (quivered)
Press: ? - help, Shift-Dir - straight line, f/p - Gastronok
Aim: Gastronok, wearing an embroidered hat (almost dead, covering ground quickly)
You shoot a stone. The stone barely misses the rat.
The stone hits Gastronok.
Gastronok is almost dead.
Unknown command.
Firing (i - inventory. (,) - cycle):
j - 89 stones (quivered)
Press: ? - help, Shift-Dir - straight line, f/p - Gastronok
Aim: Gastronok, wearing an embroidered hat (almost dead, covering ground quickly)
You shoot a stone. The stone closely misses the rat.
The stone hits Gastronok.
Gastronok is almost dead.
Gastronok waves his eye-stalks in wide circles.
The air twists around and strikes you!
You die...

..#.#.# #.##...##.
#.# ###.#.#
#.........##.# #
#.#.# #............#
# #.#.#
#.........### # .#.#
#.#...###.# ###.#.#
#.#... #.# ......#
#. #.####.#
.##Z######.##......#
#...w((((.rw.r...@.#
.#....####.######.##
###.#.# #. #.# ## #
#. #.# #. #)# #. #.#
#. #.# #. #.#


You could see Gastronok, a river rat and a rat.

Vanquished Creatures
  Joseph (D:7)
  The ghost of Da5id the Slasher, a novice FoFi (D:4)
  Sigmund (D:5)
  2 yaks (D:7)
  2 hogs (D:7)
  A human (D:7)
  Menkaure (D:6)
  A water moccasin (D:5)
  An ice beast (D:7)
  A phantom (D:5)
  An orc warrior (D:7)
  A black bear (D:7)
  7 ogres
  2 centaurs
  A big kobold (D:7)
  4 bullfrogs
  A water moccasin zombie (D:5)
  6 scorpions
  5 killer bees (D:8)
  A howler monkey (D:5)
  A bullfrog zombie (D:6)
  5 crimson imps
  A gnoll shaman (D:8)
  4 hounds
  4 orc priests
  5 orc wizards
  A centaur skeleton (D:8)
  A bullfrog skeleton (D:4)
  4 iguanas
  2 worker ants
  A worker ant zombie (D:6)
  6 gnolls (D:8)
  2 shadow imps
  9 adders
  An ooze (D:6)
  An adder skeleton (D:6)
  An adder zombie (D:5)
  5 dart slugs
  5 leopard geckos
  24 orcs
  4 ball pythons
  7 bats
  2 giant cockroaches
  4 goblins
  6 hobgoblins
  12 jackals
  12 kobolds
  6 quokkas
  8 frilled lizards
  A giant cockroach zombie (D:6)
  A jackal skeleton (D:7)
  2 leopard gecko skeletons
  A quokka skeleton (D:6)
  10 rats
200 creatures vanquished.

Notes
Turn   | Place    | Note
-------+----------+-------------------------------------------
     0 | D:1      | Da5id the Halfling Hunter began the quest for the Orb.
     0 | D:1      | Reached XP level 1. HP: 14/14 MP: 1/1
   112 | D:1      | Reached XP level 2. HP: 17/19 MP: 2/2
   893 | D:2      | Reached XP level 3. HP: 22/24 MP: 3/3
  1767 | D:2      | Reached XP level 4. HP: 24/29 MP: 4/4
  2807 | D:3      | Reached XP level 5. HP: 34/34 MP: 5/5
  2869 | D:3      | Found a blossoming altar of Fedhas.
  3131 | D:3      | Reached skill level 1 in Armour
  3698 | D:4      | Noticed an ogre
  3705 | D:4      | Found a staircase to the Ecumenical Temple.
  3728 | D:4      | Killed an ogre
  3728 | D:4      | Reached XP level 6. HP: 4/41 MP: 6/6
  4145 | D:4      | Noticed an ogre
  4154 | D:4      | Killed an ogre
  4161 | Temple   | Entered the Ecumenical Temple
  4294 | Temple   | Became a worshipper of Warmaster Okawaru
  4385 | D:4      | Reached XP level 7. HP: 34/46 MP: 7/7
  4808 | D:4      | Noticed Da5id's ghost (novice FoFi)
  4841 | D:5      | Entered Level 5 of the Dungeon
  4963 | D:5      | Found Duxzy's Distillery.
  4971 | D:5      | Bought a potion of might for 44 gold pieces
  4971 | D:5      | Bought a potion of curing for 33 gold pieces
  4971 | D:5      | Bought a potion of heal wounds for 55 gold pieces
  5119 | D:5      | Reached * piety under Okawaru
  5274 | D:5      | Noticed a water moccasin
  5288 | D:5      | Killed a water moccasin
  5288 | D:5      | Reached XP level 8. HP: 30/52 MP: 10/10
  5827 | D:5      | Reached skill level 5 in Short Blades
  5889 | D:5      | Noticed Sigmund
  6066 | D:5      | Killed Sigmund
  6229 | D:5      | Found Qeleidul's Gadget Shoppe.
  6898 | D:6      | Found a sacrificial altar of Ru.
  7129 | D:6      | Noticed Menkaure
  7147 | D:6      | Killed Menkaure
  7148 | D:6      | Reached ** piety under Okawaru
  7203 | D:6      | HP: 2/53 [poisoned by a scorpion]
  7207 | D:6      | Reached XP level 9. HP: 5/58 MP: 11/11
  7612 | D:6      | Reached skill level 5 in Dodging
  8122 | D:6      | You fall through a shaft for 2 floors!
  8359 | D:8      | Got a scintillating garnet amulet
  8391 | D:8      | Reached skill level 5 in Armour
  8486 | D:7      | Identified the amulet of the Death Scarab {Gourm rPois rN++ Int-4 Slay+2} (You found it on level 8 of the Dungeon)
  8584 | D:6      | Found a glowing golden altar of the Shining One.
  8723 | D:6      | Found Viym's Antique Armour Shoppe.
  8726 | D:6      | Bought a diamond-encrusted ring mail for 189 gold pieces
  8736 | D:6      | Identified the +1 ring mail of Defence {rF+ rCorr Str+5} (You bought it in a shop on level 6 of the Dungeon)
  8970 | D:4      | Killed Da5id's ghost
  8970 | D:4      | Reached skill level 5 in Fighting
  9894 | D:7      | Noticed Joseph
 10215 | D:8      | Reached XP level 10. HP: 67/67 MP: 12/12
 10358 | D:8      | Noticed Gastronok
 10615 | D:7      | Killed Joseph
 11758 | D:7      | Reached *** piety under Okawaru
 12645 | D:8      | Killed from afar by Gastronok

Vault maps used:
D:1:      tarquinn_simple_flora_water_f
D:3:      kennysheep_nondescript, serial_park_tiny_1, fedhas_altar_2
D:4:      first_bread
D:5:      serial_shops, shop, kennysheep_mini_moat, uniq_sigmund
D:6:      kennysheep_mini, serial_shops, nicolae_shop_behind_doors,
          kennysheep_nub, nicolae_ru_sacrificial_ziggurat, uniq_menkaure
D:7:      grunt_livestock, uniq_joseph
D:8:      cheibrodos_ashenzari_chains, uniq_gastronok
Temple:   eino_temple_rhombus

Skill      XL: |  1  2  3  4  5  6  7  8  9 10 |
---------------+-------------------------------+-----
Slings         | 6 7 8 |  8.2
Fighting       | 2 3 5 6 |  6.9
Armour         | 2 3 6 8 |  8.0
Dodging        | 3 4 6 8 |  8.5
Short Blades   | 4 7 |  7.3
Invocations    | 2 |  2.9
Stealth        | |  1.1

Action                   |  1- 3 |  4- 6 |  7- 9 | 10-12 || total
-------------------------+-------+-------+-------+-------++-------
Melee: Short sword       |   129 |    55 |    29 |    50 ||   263
       Punch             |       |       |     1 |       ||     1
 Fire: Hunting sling     |       |   102 |   527 |   236 ||   865
Invok: Heroism           |       |       |    14 |    13 ||    27
  Use: Potion            |       |       |     2 |       ||     2
 Stab: Sleeping          |     1 |     2 |       |       ||     3
  Eat: Chunk             |     3 |     6 |    24 |     7 ||    40
       Beef jerky        |       |     1 |       |       ||     1
       Bread ration      |       |       |     1 |       ||     1
Armor: Leather armour    |    35 |    11 |    17 |       ||    63
       Ring mail         |       |       |     4 |    30 ||    34
Dodge: Dodged            |   110 |    48 |   168 |   148 ||   474
